General information
- name: BNet
- type: Ladder team game (AT/RT)
- host: Battle.net
- saver: Bashiok
map: Deadlock
- players: 8
- length: 23:14
- speed: Fast
- version: 1.23 W3XP
- replay type: Public
» download(138 KB)
Players
team 1 (loser)

»
turdfurguson2 (
red | 40 APM | 934 actions | 23:10)
3 Death Knight
2 Death Coil
1 Unholy Aura
» actions
| Assign group hotkey | 9 | |
| Build / train | 34 | |
| Enter build submenu | 21 | |
| Enter hero's abilities submenu | 3 | |
| Give item / drop item | 1 | |
| Right click | 265 | |
| Select / deselect | 151 | |
| Select group hotkey | 398 | |
| Use ability | 52 | |
934 total
» units
| Acolyte | 7 | |
| Ghoul | 6 | |
| Crypt Fiend | 4 | |
17 total
» buildings
| Crypt | 2 | |
| Graveyard | 3 | |
| Altar of Darkness | 1 | |
| Ziggurat | 6 | |
| Tomb of Relics | 1 | |
| Nerubian Tower | 1 | |
| Halls of the Dead | 1 | |
| Necropolis | 3 | |
| Black Citadel | 1 | |
| Spirit Tower | 1 | |
20 total
» build order
00:11 Crypt
00:20 Graveyard
00:27 Graveyard
00:51 Altar of Darkness
01:15 Ziggurat
01:40 Tomb of Relics
01:57 Ziggurat
02:19 Nerubian Tower
03:53 Halls of the Dead
04:59 Necropolis
05:48 Ziggurat
06:29 Black Citadel
06:54 Spirit Tower
08:35 Ziggurat
08:39 Ziggurat
08:44 Ziggurat
13:35 Necropolis
15:30 Crypt
15:41 Necropolis
17:23 Graveyard
» items
| Rod of Necromancy | 1 | |
| Periapt of Vitality | 2 | |
| Staff of Teleportation | 1 | |
| Scroll of Town Portal | 2 | |
| Boots of Speed | 1 | |
| Lesser Clarity Potion | 1 | |
| Healing Salve | 1 | |
9 total
SirSwipes-A-lot (
blue | 44 APM | 1012 actions | 23:12)
5 Blademaster
3 Wind Walk
2 Critical Strike
1 Shadow Hunter
1 Healing Wave
1 Tauren Chieftain
1 Endurance Aura
» actions
| Basic commands | 51 | |
| Build / train | 92 | |
| ESC pressed | 2 | |
| Enter build submenu | 31 | |
| Enter hero's abilities submenu | 7 | |
| Give item / drop item | 17 | |
| Right click | 358 | |
| Select / deselect | 320 | |
| Use ability | 134 | |
1012 total
» units
» upgrades
| Spiked Barricades | 3 | |
| Reinforced Defenses | 1 | |
4 total
» buildings
| Orc Burrow | 3 | |
| Altar of Storms | 1 | |
| Voodoo Lounge | 2 | |
| War Mill | 2 | |
| Watch Tower | 27 | |
| Stronghold | 2 | |
| Great Hall | 4 | |
| Fortress | 1 | |
42 total
» build order
00:08 Orc Burrow
00:14 Altar of Storms
00:59 Voodoo Lounge
01:07 War Mill
02:07 Orc Burrow
02:34 Watch Tower
02:47 Watch Tower
02:49 Watch Tower
03:45 Watch Tower
03:56 Watch Tower
05:45 Watch Tower
05:49 Watch Tower
05:56 Watch Tower
06:21 Watch Tower
06:25 Watch Tower
08:43 Stronghold
08:59 Watch Tower
09:00 Watch Tower
09:01 Watch Tower
09:02 Watch Tower
10:10 Great Hall
11:10 Great Hall
11:12 Fortress
13:16 War Mill
15:14 Watch Tower
15:16 Watch Tower
15:16 Watch Tower
15:21 Watch Tower
15:22 Watch Tower
15:23 Watch Tower
15:45 Watch Tower
15:46 Watch Tower
15:47 Watch Tower
15:48 Watch Tower
17:22 Great Hall
17:54 Voodoo Lounge
18:59 Great Hall
19:01 Watch Tower
19:01 Watch Tower
20:45 Orc Burrow
» items
| Healing Salve | 9 | |
| Lesser Clarity Potion | 10 | |
| Circlet of Nobility | 6 | |
| Periapt of Vitality | 3 | |
| Staff of Teleportation | 1 | |
| Dust of Appearance | 1 | |
| Potion of Healing | 1 | |
| Potion of Mana | 3 | |
| Orb of Lightning | 6 | |
| Scroll of Speed | 1 | |
| Boots of Speed | 1 | |
| Scroll of Town Portal | 1 | |
43 total
Mr-Fear (
purple | 5 APM | 114 actions | 21:51)
1 Crypt Lord
1 Carrion Beetles
» actions
| Build / train | 20 | |
| Enter build submenu | 8 | |
| Enter hero's abilities submenu | 1 | |
| Remove unit from queue | 1 | |
| Right click | 34 | |
| Select / deselect | 42 | |
| Use ability | 8 | |
114 total
» units
| Acolyte | 3 | |
| Ghoul | 4 | |
| Crypt Fiend | 8 | |
15 total
» upgrades
» buildings
| Altar of Darkness | 1 | |
| Ziggurat | 4 | |
| Crypt | 2 | |
| Graveyard | 1 | |
| Halls of the Dead | 1 | |
9 total
» build order
01:17 Altar of Darkness
01:22 Ziggurat
01:30 Crypt
03:05 Ziggurat
04:07 Graveyard
04:27 Ziggurat
05:04 Halls of the Dead
05:13 Crypt
05:23 Ziggurat
RealZi (
green | 23 APM | 528 actions | 22:52)
4 Death Knight
2 Death Coil
2 Unholy Aura
1 Crypt Lord
1 Impale
» actions
| Assign group hotkey | 6 | |
| Build / train | 41 | |
| Enter build submenu | 24 | |
| Enter hero's abilities submenu | 5 | |
| Remove unit from queue | 2 | |
| Right click | 224 | |
| Select / deselect | 151 | |
| Select group hotkey | 30 | |
| Use ability | 45 | |
528 total
» units
| Acolyte | 6 | |
| Ghoul | 5 | |
| Crypt Fiend | 4 | |
| Frost Wyrm | 5 | |
20 total
» upgrades
| Creature Attack | 3 | |
| Creature Carapace | 1 | |
4 total
» buildings
| Altar of Darkness | 1 | |
| Ziggurat | 18 | |
| Crypt | 1 | |
| Graveyard | 1 | |
| Nerubian Tower | 3 | |
| Halls of the Dead | 1 | |
| Spirit Tower | 3 | |
| Black Citadel | 1 | |
| Sacrificial Pit | 1 | |
| Boneyard | 3 | |
| Tomb of Relics | 1 | |
34 total
» build order
00:11 Altar of Darkness
00:13 Ziggurat
00:43 Crypt
01:03 Ziggurat
01:30 Graveyard
02:41 Nerubian Tower
03:24 Halls of the Dead
03:37 Ziggurat
03:53 Ziggurat
05:00 Nerubian Tower
05:02 Spirit Tower
05:05 Ziggurat
05:53 Black Citadel
07:06 Sacrificial Pit
08:45 Boneyard
08:49 Boneyard
08:52 Ziggurat
08:53 Ziggurat
09:51 Ziggurat
11:09 Boneyard
11:48 Spirit Tower
14:47 Ziggurat
14:49 Ziggurat
14:51 Ziggurat
15:02 Ziggurat
15:07 Ziggurat
15:09 Ziggurat
15:12 Ziggurat
16:02 Spirit Tower
16:06 Nerubian Tower
17:18 Ziggurat
17:27 Ziggurat
17:31 Ziggurat
18:05 Tomb of Relics
team 2 (winner)

»
dudeboy (
teal | 72 APM | 1673 actions | 23:13)
4 Death Knight
2 Death Coil
2 Unholy Aura
2 Lich
1 Frost Armor
1 Frost Nova
3 Goblin Alchemist
2 Acid Bomb
1 Chemical Rage
» actions
| Assign group hotkey | 25 | |
| Basic commands | 266 | |
| Build / train | 81 | |
| Enter build submenu | 33 | |
| Enter hero's abilities submenu | 10 | |
| Give item / drop item | 1 | |
| Remove unit from queue | 2 | |
| Right click | 332 | |
| Select / deselect | 330 | |
| Select group hotkey | 544 | |
| Use ability | 49 | |
1673 total
» units
| Acolyte | 25 | |
| Ghoul | 6 | |
| Crypt Fiend | 5 | |
| Obsidian Statue | 2 | |
| Frost Wyrm | 4 | |
42 total
» upgrades
| Creature Attack | 3 | |
| Creature Carapace | 3 | |
| Web | 1 | |
| Freezing Breath | 1 | |
8 total
» buildings
| Ziggurat | 13 | |
| Crypt | 1 | |
| Altar of Darkness | 1 | |
| Graveyard | 1 | |
| Tomb of Relics | 1 | |
| Necropolis | 2 | |
| Halls of the Dead | 1 | |
| Slaughterhouse | 1 | |
| Sacrificial Pit | 1 | |
| Black Citadel | 1 | |
| Boneyard | 2 | |
| Nerubian Tower | 3 | |
| Spirit Tower | 3 | |
31 total
» build order
00:10 Ziggurat
00:19 Crypt
00:57 Altar of Darkness
01:19 Ziggurat
01:47 Graveyard
02:30 Tomb of Relics
03:10 Ziggurat
05:18 Necropolis
05:56 Halls of the Dead
06:02 Ziggurat
08:11 Ziggurat
08:13 Ziggurat
08:16 Ziggurat
08:46 Slaughterhouse
08:48 Sacrificial Pit
08:50 Black Citadel
10:48 Ziggurat
11:50 Boneyard
11:54 Boneyard
13:08 Nerubian Tower
13:10 Spirit Tower
15:00 Spirit Tower
16:26 Necropolis
16:56 Ziggurat
17:12 Spirit Tower
20:00 Nerubian Tower
20:14 Ziggurat
20:16 Ziggurat
20:17 Ziggurat
20:30 Ziggurat
23:12 Nerubian Tower
» items
| Rod of Necromancy | 1 | |
| Orb of Corruption | 1 | |
| Periapt of Vitality | 2 | |
| Circlet of Nobility | 1 | |
| Dust of Appearance | 4 | |
9 total

»
horrificmuffin (
yellow | 63 APM | 1462 actions | 23:13)
4 Priestess of the Moon
2 Trueshot Aura
2 Searing Arrows
» actions
| Assign group hotkey | 4 | |
| Basic commands | 2 | |
| Build / train | 49 | |
| Enter build submenu | 17 | |
| Enter hero's abilities submenu | 4 | |
| Right click | 791 | |
| Select / deselect | 262 | |
| Select group hotkey | 305 | |
| Use ability | 28 | |
1462 total
» units
| Wisp | 10 | |
| Archer | 14 | |
| Hippogryph | 9 | |
33 total
» upgrades
| Strength of the Moon | 3 | |
| Moon Armor | 2 | |
| Hippogryph Taming | 1 | |
| Marksmanship | 1 | |
| Improved Bows | 1 | |
8 total
» buildings
| Altar of Elders | 1 | |
| Moon Well | 8 | |
| Ancient of War | 2 | |
| Hunter's Hall | 1 | |
| Tree of Ages | 1 | |
| Tree of Eternity | 1 | |
| Ancient of Wind | 2 | |
| Tree of Life | 2 | |
18 total
» build order
00:22 Altar of Elders
00:38 Moon Well
01:27 Moon Well
01:33 Ancient of War
02:16 Ancient of War
02:20 Moon Well
03:08 Moon Well
04:16 Moon Well
05:06 Hunter's Hall
05:52 Tree of Ages
08:59 Tree of Eternity
10:08 Ancient of Wind
11:02 Ancient of Wind
13:52 Moon Well
14:37 Moon Well
16:40 Tree of Life
20:23 Tree of Life
20:43 Moon Well

»
Bashiok (
pink | 37 APM | 864 actions | 23:14)
3 Lich
1 Frost Armor
2 Frost Nova
2 Dreadlord
1 Vampiric Aura
1 Sleep
» actions
| Assign group hotkey | 24 | |
| Basic commands | 87 | |
| Build / train | 82 | |
| Enter build submenu | 22 | |
| Enter hero's abilities submenu | 5 | |
| Remove unit from queue | 1 | |
| Right click | 63 | |
| Select / deselect | 369 | |
| Select group hotkey | 179 | |
| Use ability | 32 | |
864 total
» units
» upgrades
| Unholy Strength | 2 | |
| Disease Cloud | 1 | |
3 total
» buildings
| Altar of Darkness | 1 | |
| Necropolis | 2 | |
| Ziggurat | 2 | |
| Tomb of Relics | 1 | |
| Nerubian Tower | 1 | |
| Graveyard | 1 | |
| Spirit Tower | 1 | |
| Halls of the Dead | 1 | |
| Slaughterhouse | 4 | |
| Black Citadel | 1 | |
15 total
» build order
00:38 Altar of Darkness
00:47 Necropolis
00:57 Necropolis
01:37 Ziggurat
04:13 Tomb of Relics
05:43 Ziggurat
08:41 Nerubian Tower
08:46 Graveyard
11:58 Spirit Tower
13:37 Halls of the Dead
17:49 Slaughterhouse
17:57 Slaughterhouse
18:04 Slaughterhouse
18:10 Slaughterhouse
19:25 Black Citadel
» items
Spirit13roker (
orange | 77 APM | 1786 actions | 23:13)
5 Demon Hunter
2 Immolation
3 Mana Burn
» actions
| Assign group hotkey | 27 | |
| Build / train | 63 | |
| ESC pressed | 10 | |
| Enter build submenu | 24 | |
| Enter hero's abilities submenu | 5 | |
| Remove unit from queue | 1 | |
| Right click | 606 | |
| Select / deselect | 322 | |
| Select group hotkey | 681 | |
| Use ability | 47 | |
1786 total
» units
| Wisp | 20 | |
| Archer | 1 | |
| Huntress | 11 | |
| Glaive Thrower | 1 | |
| Chimaera | 4 | |
| Hippogryph | 11 | |
48 total
» upgrades
| Strength of the Wild | 3 | |
| Corrosive Breath | 1 | |
| Reinforced Hides | 2 | |
6 total
» buildings
| Altar of Elders | 1 | |
| Moon Well | 9 | |
| Ancient of War | 2 | |
| Hunter's Hall | 1 | |
| Tree of Life | 2 | |
| Tree of Ages | 1 | |
| Tree of Eternity | 1 | |
| Ancient of Wind | 1 | |
| Chimaera Roost | 6 | |
24 total
» build order
00:10 Altar of Elders
00:13 Moon Well
00:59 Ancient of War
01:41 Moon Well
02:51 Moon Well
02:54 Hunter's Hall
03:53 Tree of Life
03:59 Moon Well
04:33 Ancient of War
04:58 Moon Well
05:57 Moon Well
06:50 Tree of Ages
08:56 Moon Well
09:16 Tree of Eternity
09:19 Ancient of Wind
11:53 Chimaera Roost
11:54 Chimaera Roost
11:55 Chimaera Roost
12:19 Chimaera Roost
12:21 Chimaera Roost
12:26 Chimaera Roost
16:41 Moon Well
21:33 Tree of Life
21:38 Moon Well
Chat log
(00:55 / Allies) horrificmuffin: yo
(00:58 / Allies) dudeboy: yo
(01:01 / Allies) Bashiok: yo
(01:10 / Allies) horrificmuffin: ?
(01:11 / Allies) Spirit13roker: ?
(01:14 / Allies) horrificmuffin: creepin wit i?
(01:17 / Allies) Spirit13roker: yea
(01:21 / Allies) Spirit13roker: gonna clear a mine fast
(01:32 / Allies) Bashiok: rush?
(01:53 / All) horrificmuffin: nah im spending time on wc3 with my mom
(01:55 / All) horrificmuffin: obviously
(02:22 / Allies) dudeboy: necro polis shit
(02:26 / Allies) Bashiok: acolyte rushing dude
(02:31 / Allies) dudeboy: k
(02:33 / Allies) dudeboy: ill help out
(02:36 / Allies) dudeboy: get shop
(02:45 / Allies) dudeboy: dread lord ?
(02:50 / Allies) Bashiok: you can
(02:56 / Allies) dudeboy: no im goign dk
(03:03 / Allies) Bashiok: ahwell
(03:35 / Allies) Bashiok: where we allm eeting guys?
(03:38 / Allies) Bashiok: at my base or orange?
(03:42 / Allies) Spirit13roker: 100 wood please
(03:54 / Allies) Spirit13roker: ty
(04:01 / Allies) Bashiok: how bout all meet here k?
(04:04 / Allies) dudeboy: pink can u get shop
(04:13 / Allies) Bashiok: righ
(05:09 / Allies) Bashiok: we going?
(05:18 / Allies) Bashiok: all meet her
(05:28 / Allies) dudeboy: buy rod people
(05:37 / Allies) Bashiok: comon guys
(05:52 / Allies) dudeboy: oj come and buy rod
(06:06 / Allies) Bashiok: we all ready?
(06:11 / Allies) dudeboy: rod
(06:19 / Allies) Bashiok: go?
(06:19 / Allies) horrificmuffin: lets do it
(06:20 / Allies) Spirit13roker: wtf with all the acolttes?
(06:30 / Allies) Spirit13roker: towering?
(06:31 / Allies) Bashiok: it's a viable strategy
(06:34 / Allies) Bashiok: acolyte rush
(07:15 / All) Bashiok: lol
(09:23 / All) Bashiok: nuubz
(09:42 / Allies) dudeboy: get expo
(09:49 / Allies) Bashiok: kill greren
(11:32 / All) turdfurguson2: can u believe this shit>
(11:35 / All) turdfurguson2: beat by mass acos
(11:36 / All) Bashiok: lolololololol
(11:37 / All) Spirit13roker: lol
(11:44 / All) Spirit13roker: i didnt believe it either
(11:59 / All) turdfurguson2: if that doesnt fucking make any sense
(12:02 / All) horrificmuffin: i was like gg were beat b/c of a noob strat
(12:04 / All) horrificmuffin: but i like it
(12:08 / All) turdfurguson2: speedy little fuckers
(12:26 / All) turdfurguson2: i think they would beat a ghoul in a raise
(12:31 / All) horrificmuffin: BM could kinda fuck that strat up
(12:40 / All) turdfurguson2: with mass orbs
(12:41 / All) Bashiok: maybe at lvel 6
(12:47 / All) turdfurguson2: lvl6 yeah
(12:54 / All) horrificmuffin: oh god ive been playing too much dota
(12:57 / All) horrificmuffin: 4got he doesn't get till 7
(12:59 / All) horrificmuffin: 6 even
(13:06 / All) Bashiok: i don't think you guys have a lveel 6 BM
(13:50 / Allies) Bashiok: greens got bone dragons
(13:54 / All) turdfurguson2: u need acos with bow and arrows
(14:00 / Allies) horrificmuffin: doesn't matter i going mass hippos
(14:05 / Allies) Bashiok: k
(14:06 / Allies) Bashiok: just saying
(14:52 / Allies) Bashiok: lets go kill green
(15:12 / Allies) Spirit13roker: trading wood for gold
(16:21 / Allies) Spirit13roker: bring spiders
(16:25 / All) turdfurguson2: lol three of them pink
(16:27 / All) turdfurguson2: hilarious
(16:31 / Allies) dudeboy: can i have extra gold
(16:41 / Allies) dudeboy: pink
(16:57 / All) turdfurguson2: i had a game where i uamde 2 necropolis in 1 base to make acos quicker
(17:01 / All) turdfurguson2: when i was really high
(17:11 / All) turdfurguson2: everybody thoguth i was crazy but it was a good idea at the time
(17:23 / Allies) Bashiok: we coulda killed green right there
(17:33 / Allies) dudeboy: pink gold
(17:44 / Allies) dudeboy: mass towers lol
(17:46 / Allies) Spirit13roker: shit
(17:53 / Allies) Bashiok: wagons
(18:01 / Allies) dudeboy: make it
(18:10 / Allies) dudeboy: im massing frost
(18:13 / All) horrificmuffin: dey see me towerin
(18:14 / All) horrificmuffin: dey hatin
(19:00 / All) horrificmuffin: you fucking slut
(19:00 / Allies) dudeboy: lbue is anoying
(19:13 / Allies) dudeboy: ill shadow his ass up
(19:42 / Allies) Spirit13roker: help
(19:53 / Allies) Bashiok: omw to jo
(20:12 / Allies) Spirit13roker: they have quite a few wyrms and fiends
(20:19 / Allies) dudeboy: its ok
(20:23 / Allies) dudeboy: 3 vs 4
(20:26 / Allies) horrificmuffin: 2
(20:27 / Allies) horrificmuffin: lol
(20:29 / Allies) Bashiok: yeah
(20:29 / Allies) Bashiok: lol
(20:45 / Allies) Spirit13roker: recheck expos
(21:00 / Allies) Bashiok: where r teh hips
(21:37 / Allies) dudeboy: finish them
(21:41 / All) turdfurguson2: gg
(21:41 / Allies) Bashiok: killgreen
(21:41 / Allies) Bashiok: ok
(21:44 / All) turdfurguson2: beaten by acolyte
(21:46 / All) Spirit13roker: not really we raped
(21:47 / All) Bashiok: lmao
(22:00 / All) turdfurguson2: they were a factor in the beginning
(22:03 / All) Bashiok: well yeah
(22:04 / All) turdfurguson2: Surrounding
(22:11 / All) Bashiok: made you guy waste so many tps lol
(22:24 / All) Bashiok: my mine collapsed lol
(23:07 / All) turdfurguson2: lates
(23:09 / All) Bashiok: seeya